AoeStats
← Erickinio

Arena

509764543Analyzed
4v4 RM · 4d ago on Sep 27, 2026· 98m 25s· 8 players
Game mode
Random Map
Map size
Large (8 player)
Population
200
Speed
Normal
Resources
Standard
Victory
Conquest
Starting age
Dark Age
Ending age
Imperial Age
RankedLock teamsTeams togetherTeam positionsShared explorationLock speedFull tech treeHidden civsTurbo modeCheats
Victory
Defeat
🇨🇳 Saxons · China
914
+17
🇲🇽 Varangians · Mexico
907
+17
🇲🇽 Portuguese · Mexico
890
+18
🇲🇽 Japanese · Mexico
865
+19
🇨🇱 Varangians · Chile
962
-19
🇦🇷 Celts · Argentina
960
-19
🇨🇦 Bulgarians · Canada
947
-18
🇦🇷 Ethiopians · Argentina
877
-15
reyangel141
10:58 Feudal Age
15:28 Castle Age
22:45 Imperial Age
20:40 Loom
20:46 Double-Bit Axe
27:53 Wheelbarrow
28:20 Town Watch
28:28 Fletching
30:12 Chemistry
28:54 Treadmill Crane
29:50 Town Patrol
30:29 Bodkin Arrow
31:18 Hand Cart
31:43 Guilds
32:05 Bow Saw
32:42 Conscription
33:46 Two-Man Saw
32:50 Arquebus
32:48 Elite Organ Gun
34:07 Bracer
34:07 Padded Archer Armor
34:50 Ballistics
35:01 Murder Holes
35:12 Siege Engineers
39:30 Leather Archer Armor
43:28 Ring Archer Armor
42:58 Scale Mail Armor
43:08 Forging
45:09 Onager
45:50 Pikeman
46:16 Gambesons
47:08 Iron Casting
46:49 Chain Mail Armor
46:23 Halberdier
52:00 Blast Furnace
51:31 Plate Mail Armor
78:54 Masonry
Deivid7201
12:29 Feudal Age
19:00 Castle Age
17:16 Double-Bit Axe
17:13 Horse Collar
17:31 Gold Mining
19:36 Wheelbarrow
21:02 Pikeman
23:17 Fervor
23:47 Heavy Plow
23:59 Bow Saw
23:41 Stone Mining
27:26 Elite Skirmisher
30:00 Crossbowman
32:09 Fletching
32:30 Forging
32:21 Padded Archer Armor
33:38 Thumb Ring
36:08 Imperial Age
34:24 Light Cavalry
35:15 Bloodlines
35:03 Loom
36:41 Elite Samurai
38:09 Bodkin Arrow
38:49 Iron Casting
38:27 Squires
38:14 Gambesons
40:31 Conscription
40:33 Kataparuto
41:47 Arbalester
41:57 Capped Ram
43:17 Hand Cart
43:05 Scale Mail Armor
46:08 Onager
48:21 Blast Furnace
47:36 Chain Mail Armor
47:22 Bracer
46:52 Halberdier
48:21 Husbandry
50:28 Chemistry
49:49 Ballistics
49:35 Siege Engineers
49:44 Fortified Wall
49:14 Treadmill Crane
50:51 Leather Archer Armor
51:08 Plate Mail Armor
50:27 Arson
54:34 Ring Archer Armor
55:23 Murder Holes
71:35 Scale Barding Armor
70:53 Cavalier
71:48 Masonry
72:02 Caravan
86:21 Heavy Scorpion
ShakierNutria74
2:18 Loom
11:35 Feudal Age
11:56 Horse Collar
16:56 Castle Age
15:20 Double-Bit Axe
17:53 Stone Mining
18:49 Bow Saw
22:39 Heavy Plow
25:20 Wheelbarrow
35:07 Stone Shaft Mining
38:30 Imperial Age
37:55 Hand Cart
37:27 Town Watch
38:54 Town Patrol
39:14 Elite Jarl
40:25 Gold Mining
44:50 Elite Varangian Guard
45:44 Gothikon
45:47 Vendel Legacy
47:08 Squires
46:53 Arson
47:27 Forging
47:17 Scale Mail Armor
47:59 Onager
50:15 Iron Casting
49:55 Chain Mail Armor
49:46 Scale Barding Armor
50:55 Ballistics
51:36 Chemistry
50:32 Murder Holes
50:18 Treadmill Crane
54:07 Blast Furnace
53:37 Plate Mail Armor
53:28 Chain Barding Armor
52:59 Fletching
53:10 Padded Archer Armor
66:31 Coinage
66:11 Guilds
67:56 Banking
68:51 Plate Barding Armor
68:12 Bodkin Arrow
68:32 Leather Archer Armor
83:49 Caravan
88:03 Crop Rotation
太原老登
11:06 Feudal Age
16:13 Castle Age
15:04 Loom
15:15 Stone Mining
15:09 Horse Collar
15:16 Double-Bit Axe
15:29 Gold Mining
21:48 Wheelbarrow
Z
4:44 Loom
12:25 Feudal Age
16:53 Castle Age
16:08 Double-Bit Axe
16:05 Horse Collar
16:18 Gold Mining
22:26 Wheelbarrow
22:15 Bow Saw
28:58 Heavy Plow
29:59 Hand Cart
29:40 Stone Mining
30:05 Scale Mail Armor
30:15 Forging
30:08 Squires
29:53 Gambesons
29:53 Arson
30:26 Town Watch
31:11 Chain Mail Armor
31:31 Iron Casting
30:59 Fletching
37:54 Imperial Age
39:33 Crop Rotation
40:02 Plate Mail Armor
40:34 Blast Furnace
39:44 Elite Varangian Guard
42:41 Fortified Wall
47:43 Gothikon
52:26 Two-Man Saw
55:18 Conscription
59:23 Chemistry
59:01 Siege Engineers
66:27 Guilds
Swordfish
0:32 Loom
12:30 Feudal Age
15:00 Horse Collar
18:30 Castle Age
18:47 Wheelbarrow
17:58 Double-Bit Axe
19:42 Forging
22:54 Iron Casting
23:38 Gold Mining
25:40 Squires
26:11 Husbandry
27:41 Pikeman
30:38 Hand Cart
36:19 Imperial Age
34:06 Bow Saw
33:59 Heavy Plow
33:56 Stone Mining
34:48 Gambesons
35:05 Scale Mail Armor
35:11 Scale Barding Armor
35:21 Bloodlines
37:20 Chain Mail Armor
38:05 Blast Furnace
37:27 Chain Barding Armor
39:16 Plate Mail Armor
38:12 Cavalier
38:15 Halberdier
38:43 Arson
39:04 Town Watch
40:33 Stirrups
41:18 Plate Barding Armor
42:45 Onager
45:05 Gold Shaft Mining
45:30 Fletching
45:11 Capped Ram
45:14 Siege Onager
47:03 Siege Ram
49:12 Stone Shaft Mining
49:45 Bodkin Arrow
50:14 Ballistics
50:00 Siege Engineers
50:22 Ballistics
51:04 Chemistry
53:41 Murder Holes
56:05 Padded Archer Armor
57:01 Bracer
57:36 Light Cavalry
DUNCAN
8:45 Feudal Age
9:16 Loom
13:12 Double-Bit Axe
18:00 Horse Collar
22:30 Castle Age
20:43 Fletching
22:57 Crossbowman
23:37 Bodkin Arrow
23:55 Bow Saw
32:52 Wheelbarrow
32:03 Town Watch
36:46 Imperial Age
36:55 Imperial Age
34:41 Hand Cart
34:26 Town Patrol
34:29 Padded Archer Armor
36:25 Ballistics
36:26 Thumb Ring
36:40 Leather Archer Armor
37:47 Bracer
37:49 Capped Ram
38:19 Arbalester
40:44 Chemistry
42:15 Town Patrol
42:47 Ring Archer Armor
42:19 Elite Skirmisher
42:24 Onager
Erickinio
Connection lost

Rejoining the realm…

Still unreachable

The connection could not be restored.

Session expired

The server has moved on; the page needs a fresh start.